 Dungeon Crawl Stone Soup version 0.29-a0-284-gf9362112df (webtiles) character file.

Game seed: 14972512656488545046

1351 epen the Archer (level 8, -1/64 HPs)
             Began as a Gnoll Hunter on Mar 14, 2022.
             Slain by an orc
             ... wielding a +0 flail
              (2 damage)
             ... while paralysed by Grinder
             ... on level 6 of the Dungeon.
             The game lasted 00:07:50 (5263 turns).

epen the Archer (Gnoll Hunter)                      Turns: 5263, Time: 00:07:50

Health: -1/64      AC:  4    Str: 10    XL:     8   Next: 63%
Magic:  13/13      EV:  2    Int: 10    God:
Gold:   175        SH:  0    Dex: 17    Spells: 13/13 levels left

rFire   . . .      SeeInvis .   a - +1 shortbow
rCold   . . .      Faith    .   (shield currently unavailable)
rNeg    . . .      Spirit   .   b - +0 leather armour
rPois   .          Reflect  .   u - +0 helmet
rElec   .          Harm     .   (no cloak)
rCorr   .          Rampage  .   (no gloves)
Will    .....                   (no boots)
Stlth   +++.......              (no amulet)
HPRegen 0.20/turn               o - +4 ring of evasion
MPRegen 0.13/turn               l - +4 ring of evasion

@: paralysed, lethally poisoned (-1 -> -18)
A: fangs 1, strong nose, distributed training
a: no special abilities


You were on level 6 of the Dungeon.
You visited 1 branch of the dungeon, and saw 6 of its levels.

You collected 315 gold pieces.
You spent 140 gold pieces at shops.

Inventory:

Hand Weapons
 a - a +1 shortbow (weapon)
 e - a +1 short sword of venom
 y - a +3 hand axe
Armour
 b - a +0 leather armour (worn)
 u - a +0 helmet (worn)
Jewellery
 k - a ring of wizardry
 l - a +4 ring of evasion (right hand)
 o - a +4 ring of evasion (left hand)
Wands
 f - a wand of digging (3)
 q - a wand of acid (8)
Scrolls
 c - a scroll of immolation
 i - a scroll of vulnerability
 s - a scroll of enchant armour {unknown}
Potions
 d - 2 potions of lignification
 g - 2 potions of resistance
 h - a potion of degeneration {unknown}
 m - a potion of brilliance {unknown}
 n - a potion of invisibility {unknown}
 p - a potion of mutation {unknown}
 t - 3 potions of curing {unknown}
 v - a potion of magic {unknown}
 w - 2 potions of heal wounds
 x - 2 potions of haste {unknown}


   Skills:
 + Level 5.8 Fighting
 + Level 3.4 Short Blades
 + Level 3.4 Long Blades
 + Level 3.4 Axes
 + Level 3.4 Maces & Flails
 + Level 3.4 Polearms
 + Level 3.4 Staves
 + Level 3.4 Slings
 + Level 9.2 Bows
 + Level 3.4 Crossbows
 + Level 3.4 Throwing
 + Level 3.4 Armour
 + Level 5.8 Dodging
 + Level 4.2 Stealth
 + Level 3.4 Shields
 + Level 3.4 Unarmed Combat
 + Level 3.4 Spellcasting
 + Level 2.8 Conjurations
 + Level 2.8 Hexes
 + Level 2.8 Summonings
 + Level 2.8 Necromancy
 + Level 2.8 Translocations
 + Level 2.8 Transmutations
 + Level 2.8 Fire Magic
 + Level 2.8 Ice Magic
 + Level 2.8 Air Magic
 + Level 2.8 Earth Magic
 + Level 2.8 Poison Magic
 + Level 3.8 Invocations
 + Level 3.4 Evocations


You had 13 spell levels left.
You didn't know any spells.
Your spell library contained the following spells:

 Spells                   Type           Power      Damage    Failure   Level
 Scorch                   Fire           14%        2d5       17%         2
 Flame Wave               Conj/Fire      7%         2d5       73%         4
 Summon Cactus Giant      Summ           3%         N/A       100%        6


Dungeon Overview and Level Annotations

Branches:
Dungeon (6/15)
 Temple: D:4-7

Altars:
Gozag
Makhleb
Nemelex Xobeh
Sif Muna

Shops:
D:3 [[[!   D:5 *!

Annotations:
D:4 1 transporter
D:6 Grinder


Innate Abilities, Weirdness & Mutations

You have very sharp teeth.
Your uncanny sense of smell can sniff out nearby items.
Your experience applies equally to all skills.


Message History

The scorpion closely misses you.
The orc wizard gestures at you while chanting.
You resist with some effort.
Grinder blinks!
The scorpion attacks as you move away! The scorpion misses you.
The orc wizard casts a spell.
The orc wizard flickers and vanishes!
Deactivating autopickup; reactivate with Ctrl-A.
Grinder blinks!
The scorpion attacks as you move away! The scorpion barely misses you.
The scorpion misses you.
Things that are here:
a +0 great sword; a +0 robe The scorpion attacks as you move away!
The scorpion stings you.
As you read the scroll labelled NOINUM JIMMIESUSH, it crumbles to dust.
It is a scroll of amnesia.
You feel forgetful for a moment. The scorpion completely misses you.
Grinder gestures at you.
You suddenly lose the ability to move!
The scorpion stings you. Grinder hits you.
You writhe in agony.
The scorpion stings you. x2
You are poisoned.
The scorpion poisons you! The orc hits you with a +0 flail.
* * * LOW HITPOINT WARNING * * *
Grinder hits you.
* * * LOW HITPOINT WARNING * * *
You writhe in agony.
* * * LOW HITPOINT WARNING * * *
You feel very sick. The scorpion stings you.
* * * LOW HITPOINT WARNING * * *
You are lethally poisoned!
The scorpion poisons you! The orc barely misses you. Grinder gestures at you.
You shrug off the repeated paralysis!
* * * LOW HITPOINT WARNING * * *
You feel very sick. The scorpion stings you.
* * * LOW HITPOINT WARNING * * *
The sky beast flickers out of sight!
The orc hits you with a +0 flail.
You die...

##.#§##..#)#..#.### . .
##§§§§{##.#....#.#.##..
#§§§Y§§.........#.....
##§§§§#.#...........
n§§..§.#............
...o§§).§.....o.#.##.
o..§....##†.....n## ∆ #
.....§..##.....#so# ...
.....#.##......#@.#.....
.... .....#...#5..#
...........###
.....#....## ...##.#..
.. #.... ...# ...# ....


You could see Grinder, a necrophage, a scorpion, an orc priest and an orc.

Vanquished Creatures
  An ice beast (D:5)
  An ogre (D:6)
  A centaur (D:5)
  A phantom (D:4)
  A bullfrog (D:6)
  A necrophage (D:4)
  5 wights
  4 howler monkeys
  2 hounds (D:5)
  3 orc priests
  Jessica (D:2)
  An iguana (D:5)
  3 orc wizards
  3 adders
  A white imp (D:5)
  An ufetubus (D:6)
  3 worms
  A dart slug (D:1)
  23 orcs
  4 endoplasms
  3 giant cockroaches
  9 goblins
  6 hobgoblins
  5 quokkas
  4 ball pythons
  6 bats
  4 frilled lizards
  9 kobolds
  3 rats
110 creatures vanquished.

Vanquished Creatures (others)
  A sky beast (D:5)
1 creature vanquished.

Grand Total: 111 creatures vanquished

Notes
Turn   | Place    | Note
-------+----------+-------------------------------------------
     0 | D:1      | epen the Gnoll Hunter began the quest for the Orb.
     0 | D:1      | Reached XP level 1. HP: 20/20 MP: 1/1
    96 | D:1      | Reached XP level 2. HP: 26/26 MP: 2/2
   497 | D:1      | Found a faded altar of an unknown god.
   532 | D:1      | Reached XP level 3. HP: 31/31 MP: 3/3
   908 | D:2      | Identified the +8 chain mail of Kamnuun {rC- rN+ rCorr
                  | Str+5}
   921 | D:2      | Noticed Jessica
   925 | D:2      | Killed Jessica
   926 | D:2      | Reached skill level 1 in Short Blades
   926 | D:2      | Reached skill level 1 in Long Blades
   926 | D:2      | Reached skill level 1 in Axes
   926 | D:2      | Reached skill level 1 in Maces & Flails
   926 | D:2      | Reached skill level 1 in Polearms
   926 | D:2      | Reached skill level 1 in Staves
   926 | D:2      | Reached skill level 1 in Slings
   926 | D:2      | Reached skill level 1 in Crossbows
   926 | D:2      | Reached skill level 1 in Throwing
   926 | D:2      | Reached skill level 1 in Armour
   926 | D:2      | Reached skill level 1 in Shields
   926 | D:2      | Reached skill level 1 in Unarmed Combat
   926 | D:2      | Reached skill level 1 in Spellcasting
   926 | D:2      | Reached skill level 1 in Invocations
   926 | D:2      | Reached skill level 1 in Evocations
   926 | D:2      | Reached XP level 4. HP: 38/38 MP: 5/5
   933 | D:2      | Found a shimmering blue altar of Sif Muna.
  1543 | D:3      | Found Torylub's Armour Boutique.
  1554 | D:3      | Found Uniniuha's Armour Shop.
  1740 | D:3      | Reached skill level 1 in Conjurations
  1740 | D:3      | Reached skill level 1 in Hexes
  1740 | D:3      | Reached skill level 1 in Summonings
  1740 | D:3      | Reached skill level 1 in Necromancy
  1740 | D:3      | Reached skill level 1 in Translocations
  1740 | D:3      | Reached skill level 1 in Transmutations
  1740 | D:3      | Reached skill level 1 in Fire Magic
  1740 | D:3      | Reached skill level 1 in Ice Magic
  1740 | D:3      | Reached skill level 1 in Air Magic
  1740 | D:3      | Reached skill level 1 in Earth Magic
  1740 | D:3      | Reached skill level 1 in Poison Magic
  1746 | D:3      | Reached XP level 5. HP: 13/43 MP: 6/6
  1993 | D:3      | Found Zeufao's Assorted Antiques.
  2040 | D:3      | Found Bejaepsu's Antique Armour Shoppe.
  2143 | D:3      | Found Enebiwk's Distillery.
  2499 | D:4      | Reached XP level 6. HP: 34/50 MP: 8/8
  2733 | D:4      | Reached skill level 5 in Fighting
  2733 | D:4      | Reached skill level 5 in Dodging
  2825 | D:4      | Found a sparkling altar of Nemelex Xobeh.
  2825 | D:4      | Found a transporter.
  3520 | D:5      | Entered Level 5 of the Dungeon
  3572 | D:5      | Found an opulent altar of Gozag.
  3616 | D:5      | Found Gozag's Platinum Reserve.
  3633 | D:5      | Noticed an ice beast
  3640 | D:5      | Killed an ice beast
  3641 | D:5      | Reached XP level 7. HP: 32/56 MP: 10/10
  3958 | D:5      | Found a burning altar of Makhleb.
  4107 | D:5      | Found Ifypn's Distillery.
  4223 | D:5      | Reached skill level 9 in Bows
  4728 | D:5      | Bought a potion of heal wounds for 70 gold pieces
  4728 | D:5      | Bought a potion of heal wounds for 70 gold pieces
  4938 | D:5      | Reached XP level 8. HP: 63/63 MP: 12/12
  5238 | D:6      | Noticed Grinder
  5259 | D:6      | Paralysed by Grinder for 5 turns
  5263 | D:6      | HP: 1/64 [scorpion (5)]
  5263 | D:6      | Slain by an orc

Illustrated notes

Levels and vault maps discovered:
D:1:      tarquinn_simple_flora_water_e, layout_basic,
          ebering_ecumenical_altar_ruins
D:2:      layout_loops_ring, basic_altar, uniq_jessica
D:3:      layout_basic, serial_shops, shop, nicolae_shop_crystal,
          nicolae_shop_stone, shop, shop
D:4:      layout_basic, grunt_nemelex_the_gamble, nrook_uturn
D:5:      layout_loops_ring, nicolae_gozag_zags_fifth_avenue, marbit_many_paths,
          serial_shops, shop, minmay_bent
D:6:      layout_cave_pools, uniq_grinder

Skill      XL: |  1  2  3  4  5  6  7  8 |
---------------+-------------------------+-----
Short Blades   | 1 2 3 |  3.4
Long Blades    | 1 2 3 |  3.4
Axes           | 1 2 3 |  3.4
Maces & Flails | 1 2 3 |  3.4
Polearms       | 1 2 3 |  3.4
Staves         | 1 2 3 |  3.4
Slings         | 1 2 3 |  3.4
Crossbows      | 1 2 3 |  3.4
Throwing       | 1 2 3 |  3.4
Armour         | 1 2 3 |  3.4
Shields        | 1 2 3 |  3.4
Unarmed Combat | 1 2 3 |  3.4
Spellcasting   | 1 2 3 |  3.4
Invocations    | 1 2 3 |  3.8
Evocations     | 1 2 3 |  3.4
Conjurations   | 1 2 |  2.8
Hexes          | 1 2 |  2.8
Summonings     | 1 2 |  2.8
Necromancy     | 1 2 |  2.8
Translocations | 1 2 |  2.8
Transmutations | 1 2 |  2.8
Fire Magic     | 1 2 |  2.8
Ice Magic      | 1 2 |  2.8
Air Magic      | 1 2 |  2.8
Earth Magic    | 1 2 |  2.8
Poison Magic   | 1 2 |  2.8
Stealth        | 3 4 |  4.2
Fighting       | 5 |  5.8
Dodging        | 5 |  5.8
Bows           | 9 |  9.2

Action                   |  1- 3 |  4- 6 |  7- 9 || total
-------------------------+-------+-------+-------++-------
Melee: Unarmed           |       |     8 |       ||     8
       Short sword       |       |       |    25 ||    25
       Bite              |       |       |     1 ||     1
 Fire: Shortbow          |    64 |   139 |   123 ||   326
  Use: Potion            |       |     2 |     1 ||     3
       Scroll            |       |     1 |     4 ||     5
Armor: Leather armour    |     3 |    12 |     4 ||    19
       Skin              |       |    21 |       ||    21
Dodge: Dodged            |    13 |    53 |    91 ||   157

Table legend: (Time is in decaauts)
 A = Elapsed time spent in this place.
 B = Non-inter-level travel time spent in this place.
 C = Inter-level travel time spent in this place.
 D = Time resting spent in this place.
 E = Time spent auto-exploring this place.
 F = Levels seen in this place.
 G = Mean time per level.
                   A        B        C        D        E       F      G
               +--------+--------+--------+--------+--------+-----+--------+
         Total |   5291 |   5122 |    169 |    755 |   3652 |   6 |  881.8 |
       Dungeon |   5291 |   5122 |    169 |    755 |   3652 |   6 |  881.8 |
               +--------+--------+--------+--------+--------+-----+--------+

Top non-repeatable levels by time:
     D:5: 1560 daAuts
     D:4: 1216 daAuts
     D:3: 840 daAuts
     D:1: 825 daAuts
     D:2: 656 daAuts
     D:6: 192 daAuts
